 Dungeon Crawl Stone Soup version 0.29.1-13-g9f3cf754e1 (webtiles) character file.

Game seed: 6494106982937752208

36873 leafyfresh the Covert (level 13, -2/111 HPs)
             Began as a Gnoll Delver on Feb 7, 2023.
             Was a High Priest of Ashenzari.
             Killed from afar by a deep elf knight (29 damage)
             ... with a shard of ice
             ... on level 1 of the Elven Halls.
             The game lasted 00:53:06 (14116 turns).

leafyfresh the Covert (Gnoll Delver)               Turns: 14116, Time: 00:53:07

Health: -2/111     AC: 19    Str: 19    XL:     13   Next: 93%
Magic:  17/28      EV: 18    Int: 10    God:    Ashenzari [*****.]
Gold:   732        SH:  7    Dex: 18    Spells: 7/34 levels left

rFire   . . .      SeeInvis +   C - +9 rapier "Cryptic Gnosis" {vorpal, Int+4, Elem, Melee} (curse)
rCold   + + +      Faith    .   U - +0 buckler "Sidereal Visionary" {Elem, Alch} (curse)
rNeg    . . .      Spirit   .   q - +8 ring mail of the Ruined Adversity {*Corrode rC+++ Str+6 Int-3, Elem, Comp} (curse)
rPois   .          Reflect  .   L - +0 helmet of the Cursed Sage {Evo, Comp} (curse)
rElec   .          Harm     .   (no cloak)
rCorr   .          Rampage  .   (no gloves)
Will    .....      Clarity  +   Q - +2 pair of boots of Ashenzari's Augurer {Cun, Elem} (curse)
Stlth   ++++++....              i - amulet of Cremastomancy {Regen+, Range, Evo} (curse)
HPRegen 1.08/turn               F - ring of Ashenzari's Burden {EV+4, Cun, Melee} (curse)
MPRegen 0.21/turn               b - ring of Ashenzari's Yoke {Slay+4, Self, Alch} (curse)

@: vertiginous
A: fangs 1, strong nose, distributed training
a: Renounce Religion, Shatter the Chains


You were on level 1 of the Elven Halls.
You worshipped Ashenzari.
Ashenzari was extremely pleased with you.
You visited 4 branches of the dungeon, and saw 16 of its levels.

You collected 1558 gold pieces.
You spent 826 gold pieces at shops.

Inventory:

Hand Weapons
 l - the +8 trident "Adghyhebb" {vorpal, Str+2}
   (You bought it in a shop on level 2 of the Orcish Mines)

   It inflicts extra damage upon your enemies.
   Str:       It affects your strength (+2).
 m - the +6 glaive "Death Rattle" {vorpal, Int+4 Stlth+}
   (You bought it in a shop on level 2 of the Orcish Mines)

   It inflicts extra damage upon your enemies.
   Int:       It affects your intelligence (+4).
   Stlth:     It makes you more stealthy.
 n - the +9 dagger "Ufaqenn" {vorpal, rF+++}
   (You bought it in a shop on level 2 of the Orcish Mines)

   It inflicts extra damage upon your enemies.
   rF:        It renders you almost immune to fire.
 C - the cursed +9 rapier "Cryptic Gnosis" (weapon) {vorpal, Int+4, Elem, Melee}
   (You found it on level 4 of the Dungeon)

   It inflicts extra damage upon your enemies.
   Int:       It affects your intelligence (+4).
   It has a curse which improves the following skills: Elements: Fire Magic, Ice
   Magic, Air Magic and Earth Magic.
   Melee Combat: Short Blades, Long Blades, Axes, Maces & Flails, Polearms,
   Staves and Unarmed Combat.
Missiles
 J - 5 datura-tipped darts (quivered)
Armour
 q - the cursed +8 ring mail of the Ruined Adversity (worn) {*Corrode rC+++ Str+6 Int-3, Elem, Comp}
   (You found it on level 2 of the Dungeon)

   Str:       It affects your strength (+6).
   Int:       It affects your intelligence (-3).
   rC:        It renders you almost immune to cold.
   *Corrode:  It may corrode you when you take damage.
   It has a curse which improves the following skills: Elements: Fire Magic, Ice
   Magic, Air Magic and Earth Magic.
   Companions: Summonings and Necromancy.
 L - the cursed +0 helmet of the Cursed Sage (worn) {Evo, Comp}
   (You found it on level 1 of the Elven Halls)

   It has a curse which improves the following skills: Evocations: Evocations.
   Companions: Summonings and Necromancy.
 Q - the cursed +2 pair of boots of Ashenzari's Augurer (worn) {Cun, Elem}
   (You found it on level 7 of the Dungeon)

   It has a curse which improves the following skills: Cunning: Dodging and
   Stealth.
   Elements:  Fire Magic, Ice Magic, Air Magic and Earth Magic.
 U - the cursed +0 buckler "Sidereal Visionary" (worn) {Elem, Alch}
   (You found it on level 3 of the Dungeon)

   It has a curse which improves the following skills: Elements: Fire Magic, Ice
   Magic, Air Magic and Earth Magic.
   Alchemy:   Poison Magic and Transmutations.
Jewellery
 b - the cursed ring of Ashenzari's Yoke (right hand) {Slay+4, Self, Alch}
   (You found it on level 9 of the Dungeon)

   [ring of slaying]

   Slay:      It affects your accuracy & damage with ranged weapons and melee
   (+4).
   It has a curse which improves the following skills: Introspection: Fighting
   and Spellcasting.
   Alchemy:   Poison Magic and Transmutations.
 i - the cursed amulet of Cremastomancy (around neck) {Regen+, Range, Evo}
   (You found it on level 5 of the Dungeon)

   [amulet of regeneration]

   Regen:     It increases your rate of health regeneration.
   It has a curse which improves the following skills: Ranged Combat: Ranged
   Weapons and Throwing.
   Evocations: Evocations.
 y - a +4 ring of evasion
 F - the cursed ring of Ashenzari's Burden (left hand) {EV+4, Cun, Melee}
   (You found it on level 4 of the Dungeon)

   [ring of evasion]

   EV:        It affects your evasion (+4).
   It has a curse which improves the following skills: Cunning: Dodging and
   Stealth.
   Melee Combat: Short Blades, Long Blades, Axes, Maces & Flails, Polearms,
   Staves and Unarmed Combat.
 G - an amulet of the acrobat
 V - a +6 ring of intelligence
 W - a ring of willpower
Wands
 g - a wand of digging (2)
 D - a wand of charming (6)
 H - a wand of acid (10)
 M - a wand of iceblast (6)
 N - a wand of polymorph (2)
 X - a wand of flame (10)
Scrolls
 c - a scroll of fog
 d - a scroll of magic mapping
 e - a scroll of fear
 k - 3 scrolls of summoning
 o - 4 scrolls of immolation
 t - 3 scrolls of enchant weapon
 A - 2 scrolls of torment
 I - 4 scrolls of amnesia
 P - 2 scrolls of brand weapon
 R - 9 scrolls of identify
 Y - a scroll of enchant armour
Potions
 f - a potion of haste
 h - 3 potions of lignification
 p - 2 potions of mutation
 s - 2 potions of brilliance
 w - a potion of magic
 z - 6 potions of ambrosia
 B - 5 potions of cancellation
 E - 3 potions of curing
 K - 2 potions of flight
 O - a potion of resistance


   Skills:
 + Level 11.1(13.4) Fighting
 + Level 9.0(12.5) Short Blades
 + Level 9.0(12.5) Long Blades
 + Level 9.0(12.5) Axes
 + Level 9.0(12.5) Maces & Flails
 + Level 10.2(13.6) Polearms
 + Level 9.0(12.5) Staves
 + Level 9.0(11.4) Ranged Weapons
 + Level 9.0(11.4) Throwing
 + Level 9.0 Armour
 + Level 10.2(13.6) Dodging
 + Level 13.0(16.4) Stealth
 + Level 9.0 Shields
 + Level 9.0(12.5) Unarmed Combat
 + Level 9.0(11.4) Spellcasting
 + Level 7.5 Conjurations
 + Level 7.5 Hexes
 + Level 7.5(11.0) Summonings
 + Level 7.5(11.0) Necromancy
 + Level 7.5 Translocations
 + Level 7.5(11.0) Transmutations
 + Level 7.5(12.9) Fire Magic
 + Level 7.5(12.9) Ice Magic
 + Level 7.5(12.9) Air Magic
 + Level 7.5(12.9) Earth Magic
 + Level 7.5(11.0) Poison Magic
 + Level 9.9 Invocations
 + Level 9.0(12.5) Evocations


You had 7 spell levels left.
You knew the following spells:

 Your Spells              Type           Power      Damage    Failure   Level
a - Stone Arrow           Conj/Erth      52%        3d10      3%          3
b - Summon Ice Beast      Ice/Summ       29%        N/A       4%          4
c - Swiftness             Air            31%        N/A       1%          3
d - Passwall              Tmut/Erth      24%        N/A       1%          2
e - Borgnjor's Vile Clut  Necr/Erth      14%        N/A       11%         5
f - Summon Mana Viper     Hex/Summ       24%        N/A       26%         5
g - Alistair's Intoxicat  Tmut/Pois      18%        N/A       14%         5

Your spell library contained the following spells:

 Spells                   Type           Power      Damage    Failure   Level
 Freeze                   Ice            100%       1d11      1%          1
 Necrotise                Necr           100%       1d9       1%          1
 Sandblast                Erth           62%        2d14      1%          1
 Summon Small Mammal      Summ           100%       N/A       1%          1
 Frozen Ramparts          Ice            62%        1d10      1%          3
 Ensorcelled Hibernation  Hex/Ice        52%        N/A       2%          2
 Apportation              Tloc           40%        N/A       3%          1
 Magic Dart               Conj           80%        1d7       3%          1
 Searing Ray              Conj           40%        2d5       4%          2
 Animate Dead             Necr           27%        N/A       6%          4
 Hailstorm                Conj/Ice       26%        3d7       8%          4
 Fulminant Prism          Conj/Hex       10%        3d9       21%         4
 Death Channel            Necr           13%        N/A       52%         6
 Monstrous Menagerie      Summ           13%        N/A       96%         7


Dungeon Overview and Level Annotations

Branches:
Dungeon (12/15)            Temple (1/1) D:6            Lair (0/5) D:9
    Orc (2/2) D:12            Elf (1/3) Orc:2

Altars:
Ashenzari
Cheibriados
Dithmenos
Elyvilon
Fedhas
Gozag
Hepliaklqana
Kikubaaqudgha
Makhleb
Nemelex Xobeh
Okawaru
Qazlal
Ru
Sif Muna
Trog
Uskayaw
Vehumet
Wu Jian
Xom
Yredelemnul
Zin
The Shining One

Shops:
D:10 =(   D:12 =?=[(=   Orc:2 :((=(

Annotations:
D:10 4 runed translucent doors


Innate Abilities, Weirdness & Mutations

You have very sharp teeth.
Your uncanny sense of smell can sniff out nearby items.
Your experience applies equally to all skills.


Message History

The bolt of negative energy misses you.
The ghostly deep elf knight hits you with a +0 short sword!
* * * LOW HITPOINT WARNING * * *
You miss the ghostly deep elf knight. You bite the ghostly deep elf knight.
The ghostly deep elf knight is moderately damaged.
You miss the ghostly deep elf knight.
The ghostly deep elf knight is moderately damaged.
The deep elf archer unwields a +0 dagger.
The deep elf archer wields a +0 shortbow.
The deep elf archer shoots an arrow.
The arrow completely misses the ghostly deep elf knight.
The arrow closely misses you.
The ghostly deep elf knight closely misses you.
You hit the ghostly deep elf knight.
The ghostly deep elf knight is heavily damaged.
Unknown command.
You hit the ghostly deep elf knight.
The ghostly deep elf knight is heavily damaged.
The deep elf archer gestures at you while chanting.
The ghostly deep elf knight resists with almost no effort.
The ghostly deep elf knight points at you and mumbles some strange words.
The lance of force misses you.
The deep elf knight casts a spell at you.
The shard of ice hits the ghostly deep elf knight!!
You closely miss the ghostly deep elf knight.
The ghostly deep elf knight is almost destroyed.
The deep elf archer shoots an arrow.
The arrow hits the ghostly deep elf knight!!
The ghostly deep elf knight is destroyed!
Unknown command.
Casting: Borgnjor's Vile Clutch (dangerous; 4% risk of failure)
Confirm with . or Enter, or press ? or * to list all spells.
Casting: Alistair's Intoxication (dangerous; 7% risk of failure)
Press: ? - help, Dir - look around, f - activate You attempt to intoxicate your foes!
The deep elf archer looks rather confused.
The world spins around you!
The deep elf knight gestures at you while chanting.
The shard of ice hits you!! You partially resist.
You die...

##.#####.......'.................
##.### #.......###############+..
##.### #.......##############.##.
##.### #+.....## * , *##
##'####,####### #### *
#...##.#############...##*, *
.....+#############.....#+**
...)..############e).....#
......'.....)...@)e......#
....).############e......#
.....##############.....##
#...+#############+#>..#+*
##+##,* * * ##+# * , * , * , ** *
, * * * * ** * , *, * **+ ,*+ , *
*


You could see a ghostly deep elf death mage, a deep elf archer (repels missiles,
confused) and a deep elf knight (fast, invisible).

Vanquished Creatures
  An orc warlord (Orc:1)
  Erolcha (D:11)
  2 boulder beetles (D:11)
  A dancing weapon (Elf:1)
  5 orc high priests (Orc:2)
  A deep elf knight (Elf:1)
  7 orc knights (Orc:2)
  4 deep elf pyromancers (Elf:1)
  7 deep elf zephyrmancers (Elf:1)
  3 orc sorcerers (Orc:1)
  2 manticores (D:11)
  An ugly thing (D:10)
  A komodo dragon (D:10)
  A kobold demonologist (D:12)
  4 trolls
  A queen bee (D:9)
  6 slime creatures (D:12)
  18 yaks
  3 wraiths
  Eustachio (D:5)
  2 wyverns (D:9)
  A basilisk (D:9)
  Menkaure (D:5)
  A steam dragon (D:7)
  9 wargs
  5 water moccasins
  An acid dragon (D:11)
  41 orc warriors
  The ghost of billybob123456 the Shield-Bearer, an amateur MiFi (D:3)
  3 black bears
  3 sky beasts
  5 ogres
  5 centaurs
  2 kobold brigands
  2 necrophages (D:6)
  2 bullfrogs
  A gnoll sergeant (D:8)
  4 scorpions
  8 wights
  27 killer bees
  2 howler monkeys (D:8)
  3 electric eels (D:9)
  19 orc priests
  A hound (D:5)
  A jelly (D:7)
  2 iguanas
  15 orc wizards
  2 howler monkey zombies (D:3)
  5 adders
  14 gnolls
  A white imp (D:6)
  An ufetubus (D:5)
  4 worms
  53 orcs
  4 endoplasms
  5 hobgoblins (D:4)
  8 jackals
  14 kobolds
  4 quokkas
  5 ball pythons
  5 bats
  3 frilled lizards
  8 goblins
  3 rats
376 creatures vanquished.

Vanquished Creatures (collateral kills)
  A deep elf death mage (Elf:1)
  4 orc knights (Orc:2)
  5 orc priests (Orc:2)
  3 orc wizards (Orc:2)
  7 orcs (Orc:2)
20 creatures vanquished.

Vanquished Creatures (others)
  A deep elf knight (Elf:1)
  A deep elf zephyrmancer (Elf:1)
  2 fungi (D:9)
  37 plants (D:9)
41 creatures vanquished.

Grand Total: 437 creatures vanquished

Notes
Turn   | Place    | Note
-------+----------+-------------------------------------------
     0 | D:5      | Reached skill level 9 in Stealth
     0 | D:5      | leafyfresh the Gnoll Delver began the quest for the Orb.
     0 | D:5      | Reached XP level 1. HP: 23/23 MP: 1/1
    66 | D:4      | Noticed a kobold brigand
   129 | D:2      | Reached XP level 2. HP: 29/29 MP: 2/2
   218 | D:2      | Reached XP level 3. HP: 35/35 MP: 3/3
   399 | D:2      | Identified the +8 ring mail of Xom's Favour {*Corrode rC+++
                  | Str+6 Int-3}
   462 | D:2      | Reached skill level 1 in Invocations
   513 | D:2      | Reached skill level 1 in Short Blades
   513 | D:2      | Reached skill level 1 in Long Blades
   513 | D:2      | Reached skill level 1 in Axes
   513 | D:2      | Reached skill level 1 in Maces & Flails
   513 | D:2      | Reached skill level 1 in Staves
   513 | D:2      | Reached skill level 1 in Ranged Weapons
   513 | D:2      | Reached skill level 1 in Throwing
   513 | D:2      | Reached skill level 1 in Armour
   513 | D:2      | Reached skill level 1 in Shields
   513 | D:2      | Reached skill level 1 in Unarmed Combat
   513 | D:2      | Reached skill level 1 in Spellcasting
   513 | D:2      | Reached skill level 1 in Evocations
   735 | D:1      | Found a faded altar of an unknown god.
  1304 | D:3      | Reached XP level 4. HP: 41/41 MP: 5/5
  1310 | D:3      | Noticed a scorpion
  1315 | D:3      | Killed a scorpion
  1316 | D:3      | Reached skill level 1 in Conjurations
  1316 | D:3      | Reached skill level 1 in Hexes
  1316 | D:3      | Reached skill level 1 in Summonings
  1316 | D:3      | Reached skill level 1 in Necromancy
  1316 | D:3      | Reached skill level 1 in Translocations
  1316 | D:3      | Reached skill level 1 in Transmutations
  1316 | D:3      | Reached skill level 1 in Fire Magic
  1316 | D:3      | Reached skill level 1 in Ice Magic
  1316 | D:3      | Reached skill level 1 in Air Magic
  1316 | D:3      | Reached skill level 1 in Earth Magic
  1316 | D:3      | Reached skill level 1 in Poison Magic
  1342 | D:3      | Reached XP level 5. HP: 47/47 MP: 7/7
  1516 | D:3      | Found a transporter.
  1519 | D:3      | Noticed billybob123456's ghost (amateur MiFi)
  1522 | D:3      | Found a transporter.
  1727 | D:3      | Found a shadowy altar of Dithmenos.
  1951 | D:4      | Reached XP level 6. HP: 53/53 MP: 8/8
  1951 | D:4      | Noticed a black bear
  1986 | D:4      | Killed a black bear
  1987 | D:4      | Reached skill level 5 in Polearms
  1987 | D:4      | Reached skill level 5 in Dodging
  2236 | D:4      | Identified the +9 rapier "Kangenew" {vorpal, Int+4}
  2490 | D:5      | Reached XP level 7. HP: 60/60 MP: 10/10
  2640 | D:5      | Noticed Menkaure
  2660 | D:5      | Killed Menkaure
  2661 | D:5      | Reached skill level 10 in Stealth
  3023 | D:5      | Noticed Eustachio
  3028 | D:5      | Killed Eustachio
  3632 | D:6      | Found a staircase to the Ecumenical Temple.
  3648 | Temple   | Entered the Ecumenical Temple
  3837 | Temple   | Became a worshipper of Ashenzari the Shackled
  3856 | D:6      | Reached XP level 8. HP: 67/67 MP: 12/12
  4828 | D:7      | Reached XP level 9. HP: 73/73 MP: 14/14
  5227 | D:7      | Reached * piety under Ashenzari
  5651 | D:8      | Reached skill level 5 in Invocations
  5803 | D:8      | Reached ** piety under Ashenzari
  5808 | D:8      | Learned a level 3 spell: Stone Arrow
  5813 | D:8      | Learned a level 4 spell: Summon Ice Beast
  5883 | D:8      | Reached skill level 5 in Short Blades
  5883 | D:8      | Reached skill level 5 in Long Blades
  5883 | D:8      | Reached skill level 5 in Axes
  5883 | D:8      | Reached skill level 5 in Maces & Flails
  5883 | D:8      | Reached skill level 5 in Staves
  5883 | D:8      | Reached skill level 5 in Ranged Weapons
  5883 | D:8      | Reached skill level 5 in Throwing
  5883 | D:8      | Reached skill level 5 in Armour
  5883 | D:8      | Reached skill level 5 in Shields
  5883 | D:8      | Reached skill level 5 in Unarmed Combat
  5883 | D:8      | Reached skill level 5 in Spellcasting
  5883 | D:8      | Reached skill level 5 in Evocations
  5978 | D:9      | Reached XP level 10. HP: 81/81 MP: 17/17
  6084 | D:9      | Reached skill level 11 in Stealth
  6303 | D:9      | Found a staircase to the Lair.
  6627 | D:9      | Reached skill level 5 in Conjurations
  6627 | D:9      | Reached skill level 5 in Hexes
  6627 | D:9      | Reached skill level 5 in Summonings
  6627 | D:9      | Reached skill level 5 in Necromancy
  6627 | D:9      | Reached skill level 5 in Translocations
  6627 | D:9      | Reached skill level 5 in Transmutations
  6627 | D:9      | Reached skill level 5 in Fire Magic
  6627 | D:9      | Reached skill level 5 in Ice Magic
  6627 | D:9      | Reached skill level 5 in Air Magic
  6627 | D:9      | Reached skill level 5 in Earth Magic
  6627 | D:9      | Reached skill level 5 in Poison Magic
  6684 | D:9      | Reached XP level 11. HP: 82/91 MP: 21/21
  6759 | D:9      | Found a snail-covered altar of Cheibriados.
  7100 | D:10     | Entered Level 10 of the Dungeon
  7100 | D:10     | Found Hyegubru's Weapon Shoppe.
  7207 | D:10     | Found a huge runed translucent gate.
  7207 | D:10     | Found a huge runed translucent gate.
  7207 | D:10     | Found a huge runed translucent gate.
  7207 | D:10     | Found a huge runed translucent gate.
  7207 | D:10     | Noticed a purple ugly thing
  7217 | D:10     | Killed a purple ugly thing
  7276 | D:10     | Noticed a manticore
  7344 | D:10     | Reached *** piety under Ashenzari
  7758 | D:10     | Found Itaddymn's Jewellery Boutique.
  7770 | D:10     | Learned a level 3 spell: Swiftness
  7773 | D:10     | Learned a level 2 spell: Passwall
  8332 | D:3      | Killed billybob123456's ghost
  8721 | D:11     | Noticed Erolcha
  8742 | D:11     | Reached **** piety under Ashenzari
  8749 | D:11     | Learned a level 5 spell: Borgnjor's Vile Clutch
  8752 | D:11     | Noticed a boulder beetle
  8759 | D:11     | Killed a boulder beetle
  8821 | D:11     | Killed Erolcha
  8898 | D:11     | Noticed a boulder beetle
  8905 | D:11     | Killed a boulder beetle
  9151 | D:12     | Found Tebir's Jewellery Emporium.
  9160 | D:12     | Found a sparkling altar of Nemelex Xobeh.
  9216 | D:12     | Found Erghi Ritetu's Weapon Emporium.
  9233 | D:12     | Found a staircase to the Orcish Mines.
  9272 | D:12     | Found Amoleg's Armour Emporium.
  9304 | D:12     | Found Tirets's Jewellery Boutique.
  9475 | D:12     | Found Yblyazaha's Jewellery Shoppe.
  9476 | D:12     | Found Xoudixez's Magic Scroll Boutique.
  9476 | D:12     | Noticed a manticore
  9532 | D:11     | Killed a manticore
  9537 | D:12     | Noticed a manticore
  9554 | D:11     | Killed a manticore
  9555 | D:11     | Reached XP level 12. HP: 89/101 MP: 25/25
  9674 | D:12     | Bought a scroll of enchant armour for 112 gold pieces
 10081 | D:12     | Reached skill level 12 in Stealth
 10114 | Orc:1    | Entered Level 1 of the Orcish Mines
 10156 | Orc:1    | Paralysed by an orc sorcerer for 5 turns
 10202 | Orc:1    | Reached skill level 10 in Fighting
 10574 | Orc:1    | Noticed an orc warlord
 10603 | Orc:1    | Noticed a soul eater
 10606 | Orc:1    | Killed an orc warlord
 10611 | Orc:1    | Paralysed by an orc sorcerer for 4 turns
 10722 | Orc:1    | Paralysed by an orc sorcerer for 3 turns
 10959 | Orc:2    | Entered Level 2 of the Orcish Mines
 11268 | Orc:2    | Found Ginarr's Vocational Training.
 11309 | Orc:2    | Found a staircase to the Elven Halls.
 11834 | Orc:2    | Noticed an orc high priest
 11968 | Orc:1    | Learned a level 5 spell: Summon Mana Viper
 12112 | Orc:2    | Killed an orc high priest
 12368 | Orc:2    | Reached XP level 13. HP: 109/109 MP: 27/27
 13122 | Orc:1    | Learned a level 5 spell: Alistair's Intoxication
 13542 | Orc:2    | Found Dithuysko's Antique Weapon Shop.
 13545 | Orc:2    | Found Wuminaoq's Jewellery Boutique.
 13546 | Orc:2    | Found Docwif's Antique Weapon Shop.
 13547 | Orc:2    | Found Bitodid's Antique Weapon Shop.
 13555 | Orc:2    | Bought an ivory trident for 187 gold pieces
 13555 | Orc:2    | Identified the +8 trident "Adghyhebb" {vorpal, Str+2} (You
                  | bought it in a shop on level 2 of the Orcish Mines)
 13559 | Orc:2    | Bought a steaming glaive for 345 gold pieces
 13559 | Orc:2    | Identified the +6 glaive "Death Rattle" {vorpal, Int+4
                  | Stlth+} (You bought it in a shop on level 2 of the Orcish
                  | Mines)
 13562 | Orc:2    | Bought an iridescent dagger for 182 gold pieces
 13562 | Orc:2    | Identified the +9 dagger "Ufaqenn" {vorpal, rF+++} (You
                  | bought it in a shop on level 2 of the Orcish Mines)
 13665 | Elf:1    | Entered Level 1 of the Elven Halls
 13753 | Elf:1    | Reached skill level 10 in Polearms
 13753 | Elf:1    | Reached skill level 10 in Dodging
 13800 | Elf:1    | Noticed a deep elf death mage
 13824 | Elf:1    | Killed a deep elf death mage
 13829 | Elf:1    | Killed a ghostly deep elf death mage
 14009 | Elf:1    | Reached ***** piety under Ashenzari
 14077 | Elf:1    | Reached skill level 13 in Stealth
 14086 | Elf:1    | Noticed a deep elf death mage
 14098 | Elf:1    | Killed a deep elf death mage
 14116 | Elf:1    | Killed from afar by a deep elf knight

Illustrated notes

Levels and vault maps discovered:
D:1:      ncdulo_watergridlock, layout_loops_ring,
          dreamdust_ecumenical_altar_grove
D:2:      layout_rooms
D:3:      layout_loops_ring, nicolae_dithmenos_the_darkroom,
          gammafunk_ghost_mausoleum, corexii_leaking_fountain
D:4:      layout_basic, minmay_increasing_density
D:5:      layout_layer_cave, uniq_eustachio, uniq_menkaure
D:6:      layout_gridville, minmay_temple_entry_mini_moons
D:7:      layout_gridville
D:8:      layout_loops_ring
D:9:      layout_rooms, cheibrodos_worm_habitat, minmay_lair_entry_grove,
          special_room [special_room_bee], serial_bayou, serial_bayou_ford_a,
          serial_bayou_shore_b, serial_bayou_shore_a, serial_bayou_lake_a,
          serial_bayou_pond_c, serial_bayou_pond_d
D:10:     lemuel_bear_cage, layout_basic, serial_shops,
          nicolae_shop_bloodbath_and_beyond, nicolae_shop_trees
D:11:     layout_rooms, uniq_erolcha
D:12:     layout_loops_cross, orc_david_3, serial_shops, nicolae_stop_n_shop_1,
          nicolae_shop_waterfront, nicolae_shop_crystal, shop,
          nemelex_diamond_rough_becter
Temple:   nicolae_temple_bog_church
Orc:1:    layout_caves, basic_altar, nooodl_orcs_dogs
Orc:2:    st_orc_pillars, layout_caves, nicolae_shop_vocational
Elf:1:    eino_elf_arrival_customs, layout_geoelf_diagonals,
          minmay_elf_annihilation, nicolae_shop_gadgets

Skill      XL: |  1  2  3  4  5  6  7  8  9 10 11 12 13 |
---------------+----------------------------------------+-----
Stealth        | 10 11 12 13 | 13.0
Invocations    | 1 2 3 4 5 6 7 8 9 |  9.9
Short Blades   | 1 2 3 5 6 7 8 9 |  9.0
Long Blades    | 1 2 3 5 6 7 8 9 |  9.0
Axes           | 1 2 3 5 6 7 8 9 |  9.0
Maces & Flails | 1 2 3 5 6 7 8 9 |  9.0
Staves         | 1 2 3 5 6 7 8 9 |  9.0
Ranged Weapons | 1 2 3 5 6 7 8 9 |  9.0
Throwing       | 1 2 3 5 6 7 8 9 |  9.0
Armour         | 1 2 3 5 6 7 8 9 |  9.0
Shields        | 1 2 3 5 6 7 8 9 |  9.0
Unarmed Combat | 1 2 3 5 6 7 8 9 |  9.0
Spellcasting   | 1 2 3 5 6 7 8 9 |  9.0
Evocations     | 1 2 3 5 6 7 8 9 |  9.0
Conjurations   | 1 2 3 4 5 6 7 |  7.5
Hexes          | 1 2 3 4 5 6 7 |  7.5
Summonings     | 1 2 3 4 5 6 7 |  7.5
Necromancy     | 1 2 3 4 5 6 7 |  7.5
Translocations | 1 2 3 4 5 6 7 |  7.5
Transmutations | 1 2 3 4 5 6 7 |  7.5
Fire Magic     | 1 2 3 4 5 6 7 |  7.5
Ice Magic      | 1 2 3 4 5 6 7 |  7.5
Air Magic      | 1 2 3 4 5 6 7 |  7.5
Earth Magic    | 1 2 3 4 5 6 7 |  7.5
Poison Magic   | 1 2 3 4 5 6 7 |  7.5
Polearms       | 5 6 7 8 9 10 | 10.2
Dodging        | 5 6 7 8 9 10 | 10.2
Fighting       | 7 8 9 10 11 | 11.1

Action                   |  1- 3 |  4- 6 |  7- 9 | 10-12 | 13-15 || total
-------------------------+-------+-------+-------+-------+-------++-------
Melee: Spear             |     5 |       |       |       |       ||     5
       Dagger            |    49 |   107 |       |       |       ||   156
       Punch             |     2 |     1 |     5 |     6 |       ||    14
       Bite              |       |    11 |    24 |    81 |    43 ||   159
       Rapier            |       |     1 |   202 |   760 |   190 ||  1153
 Cast: Stone Arrow       |       |       |       |     3 |    10 ||    13
       Summon Ice Beast  |       |       |       |    12 |     8 ||    20
       Summon Mana Viper |       |       |       |     4 |     9 ||    13
       Borgnjor's Vile C |       |       |       |     1 |     1 ||     2
       Passwall          |       |       |       |     1 |       ||     1
       Alistair's Intoxi |       |       |       |       |     6 ||     6
Invok: Curse Item        |       |       |     3 |     4 |     1 ||     8
Evoke: Wand              |       |       |       |     1 |       ||     1
  Use: Scroll            |     4 |     3 |     1 |     4 |     4 ||    16
       Potion            |       |       |       |     1 |     9 ||    10
 Stab: Sleeping          |    18 |    14 |    11 |     9 |     2 ||    54
       Distracted        |       |       |       |     2 |       ||     2
       Invisible         |       |       |       |       |     4 ||     4
       Confused          |       |       |       |       |     3 ||     3
Armor: Leather armour    |     5 |       |       |       |       ||     5
       Ring mail         |     3 |    34 |    45 |   147 |    19 ||   248
Dodge: Dodged            |    19 |    76 |   191 |   643 |   106 ||  1035
Block: Buckler           |       |       |       |   131 |    45 ||   176
